 Dungeon Crawl Stone Soup version 0.31-a0-188-g5e087ee2ca (webtiles) character file.

Game seed: 1853096492194124813

709 qw the Skirmisher (level 7, -5/40 HPs)
             Began as a Deep Elf Hunter on June 23, 2023.
             Killed from afar by an orc wizard (8 damage)
             ... with a magic dart
             ... on level 5 of the Dungeon.
             The game lasted 00:01:25 (3717 turns).

qw the Skirmisher (Deep Elf Hunter)                 Turns: 3717, Time: 00:01:25

Health: -5/40      AC: 12    Str: 10    XL:     7   Next: 40%
Magic:  9/9        EV: 15    Int: 14    God:
Gold:   177        SH:  0    Dex: 23    Spells: 6/6 levels left

rFire   . . .        Y - +1 arbalest
rCold   x . .        (shield currently unavailable)
rNeg    . . .        n - +4 scale mail of Imira {rPois rC- Dex+5}
rPois   +            (no helmet)
rElec   .            (no cloak)
rCorr   .            k - +0 pair of gloves
SInv    .            g - +0 pair of boots
Will    .....        (no amulet)
Stlth   +            d - +5 ring of evasion
HPRegen 0.26/turn    (no ring)
MPRegen 0.11/turn

%: no passive effects
@: lethally poisoned (-5 -> -10)
A: no striking features
a: no special abilities


You were on level 5 of the Dungeon.
You visited 1 branch of the dungeon, and saw 5 of its levels.

You collected 177 gold pieces.


   Skills:
 - Level 2.0 Fighting
 + Level 11.3 Ranged Weapons
 - Level 1.1 Armour
 - Level 3.0 Dodging
 - Level 1.2 Stealth


You had 6 spell levels left.
You didn't know any spells.
Your spell library was empty.

Inventory:

Hand Weapons
 Y - a +1 arbalest (weapon)
Armour
 g - a +0 pair of boots (worn)
 k - a +0 pair of gloves (worn)
 m - a +1 hat
 n - the +4 scale mail of Imira (worn) {rPois rC- Dex+5}
   (You found it on level 4 of the Dungeon)

   Dex:       It affects your dexterity (+5).
   rC:        It makes you vulnerable to cold.
   rPois:     It protects you from poison.
Jewellery
 d - a +5 ring of evasion (left hand)
Scrolls
 c - a scroll of teleportation {unknown}
Potions
 a - a potion of berserk rage {unknown}
 b - a potion of cancellation {unknown}
 e - a potion of curing {unknown}
 f - a potion of heal wounds
 h - a potion of might {unknown}
 i - a potion of attraction {unknown}
 j - a potion of resistance
 l - a potion of mutation {unknown}

Dungeon Overview and Level Annotations

Branches:
Dungeon (5/15)
 Temple: D:4-7

Altars:
Cheibriados
Nemelex Xobeh
Uskayaw


Message History

The howler monkey is heavily wounded.
You feel sick.
The howler monkey hits you but does no damage.
Something hits you but does no damage.
The howler monkey hits you but does no damage.
Something hits you but does no damage.
You shoot a bolt. The bolt hits the howler monkey!
You kill the howler monkey!
You feel sick. Something hits you.
You shoot a bolt.
You feel sick. Something barely misses you. Something hits you.
You shoot a bolt.
You feel sick.
You are no longer poisoned.
Something hits you but does no damage.
You shoot a bolt.
You hear some strange, mumbled words.
A magic dart appears from out of thin air!
The magic dart hits you but does no damage.
Something hits you but does no damage.
You are poisoned.
You shoot a bolt.
You feel very sick. Something hits you.
You are lethally poisoned!
Something hits you but does no damage.
You shoot a bolt.
You feel very sick. Something barely misses you.
You shoot a bolt.
You feel very sick. Something completely misses you.
Something hits you but does no damage.
You shoot a bolt.
You feel sick.
You hear some strange, mumbled words.
Something tries to affect you, but you resist.
You hear some strange, mumbled words.
A magic dart appears from out of thin air!
The magic dart hits you!
You die...

##### #...# ###.########
### #......... #.#
#.#######.
####.#######.# ##.
###.........##.######..
....##@####.#..........
......{).........(......
..........##..######....
....)##.#.##..#.........
..... #.......#.######..
.... #........ #.# ...
#......##. ##.# ...
....#### .# #... #+####
# ###.


There were no monsters in sight!

Vanquished Creatures
  An ogre (D:4)
  A phantom (D:5)
  2 howler monkeys (D:5)
  A crimson imp (D:4)
  2 hounds
  An orc priest (D:5)
  An iguana (D:4)
  Ijyb (D:5)
  Natasha (D:2)
  4 orc wizards
  5 adders
  A white imp (D:4)
  2 worms (D:3)
  3 dart slugs
  14 orcs
  7 bats
  8 endoplasms
  5 giant cockroaches
  9 jackals
  5 quokkas
  5 ball pythons
  7 frilled lizards
  7 goblins
  13 kobolds
  4 rats
110 creatures vanquished.

Notes
Turn   | Place    | Note
-------+----------+-------------------------------------------
     0 | D:1      | qw the Deep Elf Hunter began the quest for the Orb.
     0 | D:1      | Reached XP level 1. HP: 12/12 MP: 3/3
     0 | D:1      | 0 ||| qw: Version: 0.3-a-9-g12657ce
     0 | D:1      | 0 ||| qw: Game counter: 4343
     0 | D:1      | 0 ||| qw: Always use a shield: true
     0 | D:1      | 0 ||| qw: God list: Okawaru
     0 | D:1      | 0 ||| qw: Allow faded altars: false
     0 | D:1      | 0 ||| qw: Do Orc after D:15 true
     0 | D:1      | 0 ||| qw: Do second Lair branch before Depths: true
     0 | D:1      | 0 ||| qw: Lair rune preference: random
     0 | D:1      | 0 ||| qw: Plans: Normal
     0 | D:1      | 0 ||| PLANNING D:1-11
   129 | D:1      | Reached XP level 2. HP: 16/16 MP: 4/4
   132 | D:1      | Reached skill level 6 in Ranged Weapons
   551 | D:1      | Reached XP level 3. HP: 20/20 MP: 5/5
   911 | D:1      | 911 ||| UPGRADING to +0 pair of boots.
   916 | D:1      | 916 ||| UPGRADING to +5 ring of evasion.
   917 | D:1      | 917 ||| DROPPING scroll of butterflies.
   943 | D:2      | Found a snail-covered altar of Cheibriados.
  1005 | D:2      | 1005 ||| SWAPPING to +0 arbalest.
  1006 | D:2      | 1006 ||| DROPPING +0 shortbow.
  1009 | D:2      | Noticed Natasha
  1015 | D:2      | Killed Natasha
  1016 | D:2      | Reached skill level 7 in Ranged Weapons
  1036 | D:2      | Reached XP level 4. HP: 21/25 MP: 6/6
  1358 | D:2      | 1358 ||| UPGRADING to +0 ring mail.
  1368 | D:2      | 1368 ||| DROPPING +0 leather armour.
  1369 | D:2      | 1369 ||| READING scroll labelled OZOASINEFE.
  1370 | D:2      | 1370 ||| READING scroll labelled NEADIH RUMANOITE.
  1371 | D:2      | 1371 ||| READING scroll labelled WULINO HAIQE.
  1372 | D:2      | 1372 ||| DRINKING 2 emerald potions.
  1373 | D:2      | 1373 ||| DRINKING 2 viscous orange potions.
  1374 | D:2      | 1374 ||| DROPPING potion of invisibility.
  1389 | D:3      | 1389 ||| PLANNING SEWER
  1394 | D:3      | Reached skill level 8 in Ranged Weapons
  1430 | D:3      | Found a faded altar of an unknown god.
  2091 | D:3      | 2091 ||| RIP SEWER
  2203 | D:3      | 2203 ||| PLANNING D:1-11
  2203 | D:3      | 2203 ||| Stepping ~*~*~tactically~*~*~ (water).
  2205 | D:3      | Reached XP level 5. HP: 29/29 MP: 7/7
  2213 | D:3      | 2213 ||| UPGRADING to +1 scale mail of willpower.
  2223 | D:3      | 2223 ||| DROPPING +0 ring mail.
  2224 | D:3      | 2224 ||| READING scroll labelled ZAGEUM SAENT.
  2225 | D:3      | 2225 ||| DRINKING 2 sedimented pink potions.
  2663 | D:4      | Reached skill level 9 in Ranged Weapons
  2748 | D:4      | Identified the +4 scale mail of Imira {rPois rC- Dex+5}
  2776 | D:4      | Reached skill level 1 in Armour
  2833 | D:4      | Reached XP level 6. HP: 35/35 MP: 8/8
  2843 | D:4      | 2843 ||| FLEEEEING.
  2844 | D:4      | 2844 ||| FLEEEEING.
  2869 | D:4      | Reached skill level 10 in Ranged Weapons
  2961 | D:4      | Found a sparkling altar of Nemelex Xobeh.
  3004 | D:4      | Noticed a +0 falchion
  3004 | D:4      | Noticed a +0 spear
  3004 | D:4      | Noticed a +0 dagger
  3005 | D:4      | Noticed a +0 falchion
  3005 | D:4      | Noticed a +0 dagger
  3005 | D:4      | Noticed a +0 spear
  3005 | D:4      | Noticed a +0 short sword
  3006 | D:4      | Noticed a +0 short sword
  3020 | D:4      | Found a hide-covered altar of Uskayaw.
  3276 | D:4      | 3276 ||| UPGRADING to +0 pair of gloves.
  3281 | D:4      | 3281 ||| UPGRADING to +4 scale mail of Imira {rPois rC-
                  | Dex+5}.
  3291 | D:4      | 3291 ||| DROPPING +1 scale mail of willpower.
  3292 | D:4      | 3292 ||| DROPPING ring of magical power.
  3293 | D:4      | 3293 ||| READING scroll labelled ITEXKO YNYTISK.
  3294 | D:4      | 3294 ||| READING scroll labelled KAFRUILODA.
  3356 | D:4      | 3356 ||| READING scroll labelled JETUEBRO BAEXO.
  3357 | D:4      | 3357 ||| READING scroll labelled DURAUTHAFES.
  3458 | D:4      | 3458 ||| DRINKING 2 glowing grey potions.
  3459 | D:4      | 3459 ||| DROPPING potion of magic.
  3477 | D:5      | Entered Level 5 of the Dungeon
  3480 | D:5      | Reached skill level 3 in Dodging
  3500 | D:5      | Noticed Ijyb
  3504 | D:5      | 3504 ||| Stepping ~*~*~tactically~*~*~ (outnumbered).
  3506 | D:5      | Killed Ijyb
  3507 | D:5      | Reached XP level 7. HP: 35/40 MP: 9/9
  3649 | D:5      | Reached skill level 11 in Ranged Weapons
  3715 | D:5      | HP: 8/40 [poisoned by an orc wizard]
  3717 | D:5      | HP: 3/40 [poisoned by an orc wizard]
  3717 | D:5      | Killed from afar by an orc wizard

Levels and vault maps discovered:
D:1:      dpeg_arrival_refuge, layout_basic, chequers_serial_rivers_small_a,
          grunt_decor_junction
D:2:      minmay_kobold_bridge, layout_rooms, basic_altar, uniq_natasha
D:3:      layout_basic, portal_sewer_entry_e, dreamdust_ecumenical_altar_grove
D:4:      layout_basic, nemelex_dance_club_becter, nicolae_uskayaw_en_pointe,
          minmay_fire_ice_demons
D:5:      layout_basic, amethyst_overflow_temple_binary, temple_doors_e,
          chequers_decorated_corner, guppyfry_early_orc_mine, uniq_ijyb

Skill      XL: |  1  2  3  4  5  6  7 |
---------------+----------------------+-----
Ranged Weapons | 6 7 8 9 10 11 | 11.3
Armour         | 1 |  1.1
Fighting       | 2 |  2.0
Dodging        | 3 |  3.0
Stealth        | |  1.2

Action                     |  1- 3 |  4- 6 |  7- 9 || total
---------------------------+-------+-------+-------++-------
   Fire: Shortbow          |   101 |       |       ||   101
         Arbalest          |    13 |   136 |    39 ||   188
    Use: Scroll            |       |     8 |       ||     8
         Potion            |       |     4 |       ||     4
 Armour: Leather armour    |    12 |       |       ||    12
         Ring mail         |       |    21 |       ||    21
         Scale mail        |       |     4 |    19 ||    23
  Dodge: Dodged            |    31 |    75 |    10 ||   116

Table legend:
 A = Non-vault XP
 B = Vault XP
 C = Vault XP percentage of total XP
 D = Non-vault monster count
 E = Vault monster count
 F = Vault count percentage of total count
                 A         B        C        D         E       F
            +---------+---------+-------+---------+---------+-------
      Total |     835 |     178 |  17.6 |      89 |      21 |  19.1
            +---------+---------+-------+---------+---------+-------
        D:1 |      48 |       0 |   0.0 |      27 |       0 |   0.0
        D:2 |      49 |      42 |  46.2 |      20 |       6 |  23.1
        D:3 |      42 |      30 |  41.7 |      12 |       8 |  40.0
        D:4 |     344 |      64 |  15.7 |      18 |       4 |  18.2
        D:5 |     352 |      42 |  10.7 |      12 |       3 |  20.0
            +---------+---------+-------+---------+---------+-------
